Map: New Gettysburg LE

Players

lllllllllll - Winner!

  • Race: Zerg Zerg
  • League: Grandmaster

IIIIIIIIIIII (State)

  • Race: Protoss Protoss
  • League: Grandmaster

VOD

Have the link to the VOD?

Description

Time

  • Played on: Aug. 4, 2016, 1:23 a.m.
  • Length: 13:58
Show
View Real Time Build Order
Export as new Build Order

lllllllllll Zerg - Winner!

Build Orders: Hatch First 

Get SALT Encoding   

  12  0:01  Drone  
  13  0:17  Overlord  
  13  0:24  Drone  
  14  0:35  Drone x2  
  16  0:39  Drone  
  17  0:59  Hatchery, Drone  
  17  1:02  Drone  
  18  1:13  Spawning Pool  
  18  1:17  Extractor  
  18  1:18  Drone  
  17  1:24  Drone  
  19  1:32  Drone  
  19  1:43  Overlord  
  19  2:00  Queen  
  19  2:01  Zergling x2  
  22  2:05  Zergling x2  
  23  2:10  Queen  
  23  2:11  Drone  
  27  2:15  Drone  
  27  2:18  Metabolic Boost  
  27  2:21  Drone  
  28  2:28  Drone  
  29  2:38  Hatchery, Drone  
  29  2:41  Drone  
  30  2:49  Queen  
  32  2:54  Overlord  
  32  2:58  Drone  
  33  2:59  Drone  
  33  3:02  Drone  
  35  3:06  Drone  
  36  3:13  Drone x3  
  36  3:16  Drone  
  36  3:19  Queen  
  40  3:24  Overlord  
  42  3:27  Drone  
  42  3:28  Drone  
  44  3:35  Roach Warren  
  44  3:38  Overlord  
  43  3:41  Overlord  
  43  3:44  Drone  
  44  3:51  Overlord  
  44  3:54  Drone  
  47  3:55  Drone x3  
  47  3:56  Drone  
  47  3:58  Extractor, Drone  
  47  4:00  Drone  
  50  4:04  Drone  
  50  4:08  Lair  
  50  4:09  Zergling x2  
  52  4:11  Zergling x2  
  52  4:13  Zergling x2  
  52  4:15  Zergling x2  
  52  4:16  Zergling x2  
  56  4:17  Zergling x2  
  56  4:22  Drone x2  
  59  4:25  Roach  
  59  4:31  Roach x3  
  67  4:33  Roach  
  67  4:35  Overlord  
  69  4:39  Drone x2  
  69  4:40  Drone  
  69  4:42  Drone  
  69  4:44  Drone  
  74  4:52  Spore Crawler  
  73  4:53  Drone x3  
  73  4:54  Spore Crawler  
  73  4:55  Drone x2  
  77  5:01  Overlord  
  77  5:03  Drone x2  
  79  5:09  Overlord  
  79  5:10  Drone x3  
  82  5:17  Overlord x2  
  81  5:30  Drone x4  
  81  5:31  Drone x3  
  83  5:46  Roach  
  83  5:47  Roach x6  
  97  5:54  Drone x2  
  97  5:55  Drone x2  
  96  5:59  Drone  
  93  6:06  Drone x2  
  95  6:13  Drone x4  
  95  6:17  Extractor, Queen  
  100  6:18  Overseer  
  100  6:19  Extractor  
  100  6:21  Drone x2  
  100  6:22  Hydralisk Den  
  100  6:25  Evolution Chamber, Extractor  
  98  6:31  Drone  
  98  6:32  Drone  
  100  6:35  Drone x3  
  100  6:37  Drone  
  100  6:38  Drone x2  
  100  6:39  Extractor  
  105  6:41  Overlord  
  103  6:48  Drone x3  
  103  6:49  Drone  
  103  6:50  Hatchery  
  100  7:00  Spire  
  97  7:04  Zergling x8  
  101  7:12  Drone x2  
  101  7:13  Glial Reconstitution, Overlord  
  103  7:16  Hydralisk x2  
  103  7:21  Hydralisk  
  103  7:22  Hydralisk  
  111  7:25  Overlord  
  110  7:32  Hydralisk x4  
  116  7:52  Hatchery  
  115  8:00  Hatchery  
  115  8:02  Zergling x2  
  115  8:03  Zergling x14  
  115  8:04  Overlord  
  122  8:13  Mutalisk x4  
  122  8:14  Mutalisk  
  122  8:15  Mutalisk x2  
  136  8:23  Mutalisk x2  
  136  8:26  Zergling x6  
  143  8:33  Mutalisk  
  142  8:54  Roach x5  
  142  8:55  Roach x3  
  145  8:56  Overlord x4  
  145  8:58  Ravager x3  
  145  8:59  Ravager  
  137  9:18  Lurker Den  
  137  9:20  Drone x3  
  137  9:21  Drone x2  
  140  9:28  Mutalisk x3  
  140  9:31  Hatchery, Drone x3  
  148  9:41  Zergling x10  
  148  9:43  Pneumatized Carapace  
  153  9:49  Mutalisk x2  
  153  9:50  Hatchery  
  156  9:53  Mutalisk  
  156  9:54  Overlord  
  154  10:00  Mutalisk  
  154  10:06  Zergling x2  
  157  10:07  Zergling x10  
  157  10:08  Zergling x6  
  165  10:15  Overlord  
  165  10:18  Mutalisk x3  
  165  10:20  Overlord  
  171  10:21  Overlord  
  171  10:27  Overlord  
  171  10:40  Mutalisk x3  
  163  11:04  Mutalisk  
  163  11:05  Mutalisk  
  163  11:09  Hatchery  
  163  11:17  Mutalisk  
  150  11:36  Mutalisk  
  117  12:20  Hatchery  
  116  12:24  Drone x3  
  102  12:50  Drone x3  
  97  12:54  Spawning Pool  
  96  13:10  Drone  
  83  13:30  Drone x2  
  65  13:37  Hatchery  
  56  13:43  Extractor  
  56  13:44  Extractor  
  54  13:56  Spine Crawler  
  54  13:57  Spore Crawler  
  54  13:58  Spore Crawler  
Show
View Real Time Build Order
Export as new Build Order

IIIIIIIIIIII Protoss 

Build Orders: 1 Gate Expand 

Get SALT Encoding   

  12  0:02  Probe (Chrono Boost)  
  13  0:12  Probe (Chrono Boost)  
  14  0:19  Pylon  
  14  0:23  Probe (Chrono Boost)  
  15  0:37  Probe (Chrono Boost)  
  15  0:38  Gateway  
  16  0:45  Assimilator  
  16  0:48  Probe (Chrono Boost)  
  17  0:58  Probe (Chrono Boost)  
  18  1:09  Probe (Chrono Boost)  
  19  1:20  Nexus  
  19  1:23  Probe (Chrono Boost)  
  20  1:33  Cybernetics Core  
  20  1:36  Probe (Chrono Boost)  
  21  1:41  Assimilator  
  22  1:47  Probe (Chrono Boost)  
  22  1:51  Pylon  
  22  1:57  Probe (Chrono Boost)  
  23  2:07  Adept  
  23  2:11  Warp Gate, Probe (Chrono Boost)  
  27  2:23  Probe (Chrono Boost)  
  27  2:30  Twilight Council  
  27  2:31  Stalker  
  27  2:32  Probe (Chrono Boost)  
  27  2:35  Probe (Chrono Boost)  
  31  2:42  Probe (Chrono Boost)  
  32  2:45  Pylon  
  32  2:50  Probe (Chrono Boost)  
  33  2:53  Probe (Chrono Boost)  
  33  2:54  Resonating Glaives  
  34  3:01  Probe (Chrono Boost)  
  34  3:03  Probe (Chrono Boost)  
  37  3:13  Probe (Chrono Boost)  
  37  3:14  Probe (Chrono Boost)  
  38  3:25  Probe (Chrono Boost), Gateway  
  38  3:26  Gateway  
  40  3:29  Pylon  
  40  3:31  Mothership Core (Chrono Boost)  
  41  3:37  Probe (Chrono Boost)  
  42  3:43  Robotics Facility  
  43  3:49  Probe (Chrono Boost)  
  43  3:50  Assimilator, Probe (Chrono Boost)  
  44  4:00  Probe (Chrono Boost)  
  44  4:01  Probe (Chrono Boost)  
  46  4:08  Pylon  
  46  4:11  Probe (Chrono Boost)  
  46  4:13  Probe (Chrono Boost)  
  48  4:21  Probe (Chrono Boost), Adept x3  
  55  4:24  Nexus  
  55  4:27  Probe (Chrono Boost)  
  55  4:29  Observer  
  57  4:32  Pylon  
  57  4:36  Probe (Chrono Boost)  
  58  4:40  Pylon  
  58  4:43  Pylon, Probe (Chrono Boost)  
  59  4:47  Adept x3  
  59  4:50  Warp Prism  
  66  4:54  Probe (Chrono Boost)  
  68  5:01  Blink  
  68  5:03  Forge  
  68  5:04  Probe (Chrono Boost)  
  69  5:09  Probe (Chrono Boost)  
  71  5:14  Probe (Chrono Boost)  
  71  5:16  Pylon  
  71  5:21  Immortal  
  75  5:38  Probe (Chrono Boost)  
  75  5:39  Probe (Chrono Boost)  
  75  5:40  Protoss Ground Weapons Level 1  
  77  5:47  Probe (Chrono Boost)  
  77  5:48  Probe (Chrono Boost)  
  79  5:51  Probe (Chrono Boost)  
  79  5:55  Immortal  
  78  5:57  Probe (Chrono Boost)  
  78  6:00  Gateway  
  77  6:06  Gateway  
  77  6:08  Gateway  
  77  6:09  Gateway  
  77  6:10  Gateway  
  75  6:13  Gateway  
  75  6:17  Gateway  
  71  6:18  Pylon  
  71  6:21  Gateway  
  71  6:22  Adept x2  
  71  6:23  Adept  
  79  6:26  Probe (Chrono Boost)  
  79  6:27  Probe (Chrono Boost)  
  79  6:29  Immortal  
  78  6:33  Probe (Chrono Boost)  
  78  6:34  Robotics Bay  
  78  6:36  Assimilator  
  78  6:39  Probe x2 (Chrono Boost)  
  84  6:45  Probe (Chrono Boost)  
  82  6:47  Stalker x2  
  82  6:51  Probe x2 (Chrono Boost)  
  81  6:56  Stalker  
  81  6:57  Probe (Chrono Boost)  
  81  7:03  Immortal, Probe x2 (Chrono Boost)  
  83  7:09  Probe (Chrono Boost)  
  83  7:13  Stalker x2, Sentry  
  83  7:14  Sentry x2  
  83  7:15  Probe x2 (Chrono Boost)  
  99  7:22  Gateway  
  99  7:23  Gateway  
  99  7:28  Zealot  
  99  7:29  Zealot  
  103  7:34  Probe x3 (Chrono Boost)  
  103  7:36  Gravitic Drive  
  106  7:37  Assimilator x2, Zealot  
  106  7:38  Zealot x2  
  106  7:40  Adept  
  106  7:42  Adept  
  117  7:46  Probe (Chrono Boost)  
  117  7:53  Protoss Ground Weapons Level 2  
  115  8:00  Stalker  
  115  8:02  Pylon  
  115  8:03  Pylon  
  115  8:05  Pylon  
  117  8:10  Pylon  
  117  8:12  Pylon  
  117  8:15  Disruptor  
  117  8:16  Pylon, Photon Cannon  
  117  8:24  Adept x6  
  132  8:31  Probe x2 (Chrono Boost)  
  134  8:48  Stalker x4  
  134  8:49  Stalker x3  
  134  8:53  Stalker  
  149  9:07  Stalker  
  147  9:12  Photon Cannon  
  147  9:13  Stalker  
  147  9:14  Stalker, Photon Cannon  
  147  9:15  Stalker  
  145  9:23  Stalker x2  
  146  9:31  Probe (Chrono Boost)  
  147  9:40  Probe x2 (Chrono Boost)  
  151  9:47  Probe (Chrono Boost), Photon Cannon  
  151  9:48  Disruptor  
  151  9:50  Photon Cannon  
  148  10:01  Stalker x3  
  148  10:03  Sentry x3  
  160  10:08  Pylon  
  160  10:20  Nexus  
  160  10:23  Pylon  
  158  10:28  Stalker x2  
  158  10:30  Sentry  
  158  10:34  Sentry  
  165  10:42  Disruptor  
  160  10:43  Mothership Core (Chrono Boost)  
  160  10:44  Stalker x5  
  170  10:55  Sentry x2  
  171  11:10  Sentry  
  171  11:11  Stalker x3  
  155  11:16  Photon Cannon  
  154  11:31  Photon Cannon  
  151  12:05  Pylon  
  151  12:08  Pylon  
  144  12:42  Photon Cannon x2  
  136  12:44  Photon Cannon  
  136  12:45  Photon Cannon  
  136  12:46  Pylon  
Tags
 
Add a new tag
Caveats
  • Supply blocks, unpowered buildings, or Contaminate may cause inaccurate times.
  • Supply counts are checked every 10 seconds.